 Dungeon Crawl Stone Soup version 0.30.0 (webtiles) character file.

Game seed: 12186929775031157330

67 Dani the Chopper (level 4, 35/35 HPs)
             Began as a Demonspawn Fighter on May 20, 2023.
             Quit the game on level 3 of the Dungeon.
             The game lasted 00:03:01 (1520 turns).

Dani the Chopper (Demonspawn Fighter)               Turns: 1520, Time: 00:03:02

Health: 35/35      AC:  7    Str: 16    XL:     4   Next: 0%
Magic:  4/4        EV:  8    Int: 14    God:
Gold:   77         SH:  4    Dex: 12    Spells: 3/3 levels left

rFire   . . .        h - +0 broad axe
rCold   + . .        e - +0 buckler
rNeg    . . .        b - +1 scale mail
rPois   .            (no helmet)
rElec   .            (no cloak)
rCorr   .            (no gloves)
SInv    .            (no boots)
Will    .....        (no amulet) Stlth
                     c - ring of protection from cold
HPRegen 0.25/turn    (no ring)
MPRegen 0.09/turn

%: no passive effects
@: no status effects
A: hooves 1, big brain 1
a: no special abilities


You were on level 3 of the Dungeon.
You visited 1 branch of the dungeon, and saw 3 of its levels.

You collected 77 gold pieces.

Inventory:

Hand Weapons
 a - a +1 war axe
 h - a +0 broad axe (weapon)
   (You found it on level 2 of the Dungeon)
Armour
 b - a +1 scale mail (worn)
 e - a +0 buckler (worn)
Jewellery
 c - a ring of protection from cold (left hand)
   (You found it on level 1 of the Dungeon)
Scrolls
 T - 2 scrolls of teleportation
Potions
 d - a potion of might
 f - 2 potions of cancellation
 g - a potion of curing {unknown}
 i - a potion of invisibility {unknown}
 j - a potion of mutation {unknown}
 k - a potion of flight {unknown}


   Skills:
 - Level 3.0 Fighting
 + Level 3.9 Axes
 - Level 2.6 Armour
 - Level 2.6 Shields


You had 3 spell levels left.
You didn't know any spells.
Your spell library was empty.

Dungeon Overview and Level Annotations

Branches:
Dungeon (3/15)

Altars:

Annotations:
D:3 Robin


Innate Abilities, Weirdness & Mutations

You have large cloven feet.
You have an unusually large brain. (Int +2)


Message History

There is a stone staircase leading up here.
Done exploring.
Done exploring.
Done exploring.
There is an escape hatch in the floor here.
There is a stone staircase leading up here.
You climb upwards.
There is a stone staircase leading down here.
There is a stone staircase leading down here.
There is a stone staircase leading down here.
You climb downwards.
Level annotation: Robin
There is a stone staircase leading up here.
j - a smoky sapphire potion Key pressed, stopping explore.
Key pressed, stopping explore.
f - 2 potions of cancellation (gained 1) Key pressed, stopping explore.
Key pressed, stopping explore.
k - a sedimented purple potion You open the door.
Found a spear.
Found 2 stones.
There is an open door here.
You see here a +0 spear.
You now have 74 gold pieces (gained 10).
Key pressed, stopping explore.
You open the door.
There is an open door here.
Key pressed, stopping explore.
A frilled lizard comes into view.
A frilled lizard is nearby!
A frilled lizard is nearby!
A frilled lizard is nearby!
The frilled lizard hisses angrily.
The frilled lizard bites you but does no damage.
You miss the frilled lizard. The frilled lizard barely misses you.
The frilled lizard bites you but does no damage.
You closely miss the frilled lizard.
You kick the frilled lizard, but do no damage.
The frilled lizard barely misses you.
A frilled lizard is nearby!
You slash the frilled lizard!
You kill the frilled lizard!
Key pressed, stopping explore.
No target in view!
Key pressed, stopping explore.
No target in view!
Key pressed, stopping explore.
No target in view!
Key pressed, stopping explore.
No target in view!
Key pressed, stopping explore.
No target in view!
Key pressed, stopping explore.
No target in view!
Key pressed, stopping explore.
No target in view!
You now have 77 gold pieces (gained 3).
Key pressed, stopping explore.
No target in view!
Key pressed, stopping explore.
No target in view!
Key pressed, stopping explore.
No target in view!
An endoplasm comes into view.
The endoplasm quivers.
An endoplasm is nearby!
An endoplasm is nearby!
An endoplasm is nearby!
You hit the endoplasm.
You kill the endoplasm!
Key pressed, stopping explore.
No target in view!
Key pressed, stopping explore.
No target in view!
Key pressed, stopping explore.
No target in view!
Key pressed, stopping explore.
No target in view!
Key pressed, stopping explore.
No target in view!
Key pressed, stopping explore.
Key pressed, stopping explore.
A hobgoblin comes into view.
The hobgoblin shouts!
A hobgoblin is nearby!
Okay, then.
A hobgoblin is nearby!
A hobgoblin is nearby!
A hobgoblin is nearby!
A hobgoblin is nearby!
The hobgoblin barely misses you.
A hobgoblin is nearby!
You hit the hobgoblin.
You kill the hobgoblin!
You have reached level 4!
You feel clever.
Your demonic ancestry asserts itself...
Your brain expands.
Are you sure you want to abandon this character and quit the game? (Confirm with "yes".)

#.###.###.#
######
#.........#
#.....
#####.#####
#.#### ###.#
#.##.. ..#.#
#.#... #.#.#
#.#..~
#######.#.#
#.#..~
#.....#.#.#
#.#..~
#.†@....#
#.....
......#.#.###
###... #.#.#
#.#.# ###. ..
....# #. #
###### #. #.
#. ##


There were no monsters in sight!

Vanquished Creatures
  2 worms (D:2)
  2 dart slugs
  7 endoplasms
  3 giant cockroaches (D:1)
  7 goblins
  4 hobgoblins
  3 quokkas (D:1)
  4 ball pythons
  9 bats
  3 frilled lizards
  5 kobolds (D:1)
  4 rats
  A butterfly (D:1)
54 creatures vanquished.

Notes
Turn   | Place    | Note
-------+----------+-------------------------------------------
     0 | D:1      | Dani the Demonspawn Fighter began the quest for the Orb.
     0 | D:1      | Reached XP level 1. HP: 18/18 MP: 1/1
    68 | D:1      | Reached skill level 2 in Axes
   120 | D:1      | Gained mutation: You have large cloven feet. [demonic
                  | ancestry]
   120 | D:1      | Reached XP level 2. HP: 24/24 MP: 2/2
   187 | D:1      | Reached skill level 3 in Axes
   242 | D:1      | HP: 6/24 [frilled lizard (2)]
   244 | D:1      | HP: 2/24 [frilled lizard (2)]
   275 | D:1      | Noticed a great orb of eyes
   277 | D:1      | Found a faded altar of an unknown god.
   278 | D:1      | Noticed an eye of devastation
   278 | D:1      | Noticed a golden eye
   278 | D:1      | Noticed a great orb of eyes
   281 | D:1      | Reached XP level 3. HP: 29/29 MP: 3/3
  1244 | D:3      | Noticed Robin
  1520 | D:3      | Gained mutation: You have an unusually large brain. (Int
                  | +2) [demonic ancestry]
  1520 | D:3      | Reached XP level 4. HP: 35/35 MP: 4/4
  1520 | D:3      | Quit the game

Illustrated notes

Levels and vault maps discovered:
D:1:      spicycebolla_arrival_clurvy, layout_loops_ring,
          hellmonk_ecumenical_altar_watching_god
D:2:      layout_rooms, serial_aquarium, aquarium_bridge_square
          [aquarium_subvault_bridge, aquarium_subvault_bridge,
          aquarium_subvault_bridge, aquarium_subvault_wall],
          aquarium_bridge_straight [aquarium_subvault_bridge,
          aquarium_subvault_wall, aquarium_subvault_bridge,
          aquarium_subvault_window], aquarium_window_fake, aquarium_window_1,
          aquarium_window_1, aquarium_window_fake, aquarium_view_4,
          aquarium_view_2d, aquarium_balcony_5a
D:3:      layout_loops_corners, gammafunk_ghost_grave, serial_bayou_pond_d,
          serial_park_tiny_pond, kennysheep_small_spiral, uniq_robin

Skill      XL: |  1  2 |
---------------+-------+-----
Axes           | 2 3 |  3.9
Fighting       | |  3.0
Armour         | |  2.6
Shields        | |  2.6

Action                     |  1- 3 |  4- 6 || total
---------------------------+-------+-------++-------
  Melee: War axe           |    73 |       ||    73
         Kick              |    11 |       ||    11
         Broad axe         |    20 |       ||    20
    Use: Scroll            |     6 |       ||     6
         Potion            |     1 |       ||     1
 Armour: Scale mail        |    50 |       ||    50
  Dodge: Dodged            |    47 |       ||    47
  Block: Buckler           |    20 |       ||    20

Levels and vault maps discovered:
D:1:      spicycebolla_arrival_clurvy, layout_loops_ring,
          hellmonk_ecumenical_altar_watching_god
D:2:      layout_rooms, serial_aquarium, aquarium_bridge_square
          [aquarium_subvault_bridge, aquarium_subvault_bridge,
          aquarium_subvault_bridge, aquarium_subvault_wall],
          aquarium_bridge_straight [aquarium_subvault_bridge,
          aquarium_subvault_wall, aquarium_subvault_bridge,
          aquarium_subvault_window], aquarium_window_fake, aquarium_window_1,
          aquarium_window_1, aquarium_window_fake, aquarium_view_4,
          aquarium_view_2d, aquarium_balcony_5a
D:3:      layout_loops_corners, gammafunk_ghost_grave, serial_bayou_pond_d,
          serial_park_tiny_pond, kennysheep_small_spiral, uniq_robin

Table legend: (Time is in decaauts)
 A = Elapsed time spent in this place.
 B = Non-inter-level travel time spent in this place.
 C = Inter-level travel time spent in this place.
 D = Time resting spent in this place.
 E = Time spent auto-exploring this place.
 F = Levels seen in this place.
 G = Mean time per level.
                   A        B        C        D        E       F      G
               +--------+--------+--------+--------+--------+-----+--------+
         Total |   1557 |   1433 |    124 |      0 |   1118 |   3 |  519.0 |
       Dungeon |   1557 |   1433 |    124 |      0 |   1118 |   3 |  519.0 |
               +--------+--------+--------+--------+--------+-----+--------+

Top non-repeatable levels by time:
     D:1: 713 daAuts
     D:2: 643 daAuts
     D:3: 199 daAuts

Table legend:
 A = Kills in this place as a percentage of kills in the entire game.
 B = Kills by you in this place as a percentage of kills by you in the entire game.
 C = Kills by friends in this place as a percentage of kills by friends in the entire game.
 D = Other kills in this place as a percentage of other kills in the entire game.
 E = Experience gained in this place as a percentage of experience gained in the entire game.
 F = Experience gained in this place divided by the number of levels of this place that you have seen.
                   A       B       C       D       E      F
               +-------+-------+-------+-------+-------+----------------------
         Total | 100.0 | 100.0 |   N/A |   N/A | 100.0 |  32.3
       Dungeon | 100.0 | 100.0 |   N/A |   N/A | 100.0 |  32.3
               +-------+-------+-------+-------+-------+----------------------
